 Dungeon Crawl Stone Soup version 0.26-a0-651-gb41185065b (webtiles) character file.

Game seed: 1047231481762821264

58 Lanoc the Digger (level 3, 0/24 HPs)
             Began as a Demonspawn Earth Elementalist on Oct 9, 2020.
             Slain by a gnoll
             ... wielding a +0 spear
              (4 damage)
             ... on level 2 of the Dungeon.
             The game lasted 00:02:05 (1347 turns).

Lanoc the Digger (Demonspawn Earth Elementalist)    Turns: 1347, Time: 00:02:05

Health: 0/24       AC:  4    Str:  8    XL:     3   Next: 75%
Magic:  6/6        EV: 13    Int: 17    God:
Gold:   60         SH:  0    Dex: 13    Spells: 3/6 levels left

rFire    . . .     SeeInvis .   (no weapon)
rCold    . . .     Faith    .   (no shield)
rNeg     . . .     Spirit   .   c - +0 robe
rPois    .         Reflect  .   (no helmet)
rElec    .         Harm     .   (no cloak)
rCorr    .         Rampage  .   (no gloves)
MR       .....                  (no boots)
Stlth    ++........             (no amulet)
HPRegen  0.08/turn              (no ring)
MPRegen  0.10/turn              (no ring)

@: no status effects
A: icy blue scales 1, rot immunity
a: no special abilities


You were on level 2 of the Dungeon.
You visited 1 branch of the dungeon, and saw 3 of its levels.

You collected 60 gold pieces.

Inventory:

Armour
 c - a +0 robe (worn)
Scrolls
 d - a scroll of enchant armour {unknown}
 e - a scroll of magic mapping {unknown}
 f - a scroll of immolation {unknown}
Potions
 a - 2 potions of degeneration {unknown}
 g - a potion of brilliance {unknown}


   Skills:
 + Level 2.5 Dodging
 - Level 1.7 Stealth
 - Level 2.0 Spellcasting
 - Level 0.8 Transmutations
 * Level 3.8 Earth Magic


You had 3 spell levels left.
You knew the following spells:

 Your Spells              Type           Power        Failure   Level
a - Sandblast             Erth           ##....       4%          1
b - Passwall              Tmut/Erth      #.......     11%         2

Your spell library contained the following spells:

 Spells                   Type           Power        Failure   Level
 Stone Arrow              Conj/Erth      #.....       26%         3
 Petrify                  Tmut/Erth      #.......     58%         4
 Lee's Rapid Deconstruct  Erth           ##........   73%         5


Dungeon Overview and Level Annotations

Branches:
Dungeon (3/15)

Altars:


Innate Abilities, Weirdness & Mutations

You are partially covered in icy blue scales. (AC +2)
You are immune to rotting.


Message History

* * * LOW HITPOINT WARNING * * *
You hit the gnoll.
The gnoll is moderately wounded.
The gnoll misses you.
You hit the gnoll.
The gnoll is moderately wounded.
The gnoll hits you but does no damage.
You hit the gnoll.
The gnoll is moderately wounded.
The gnoll barely misses you.
You closely miss the gnoll.
The gnoll is moderately wounded.
The gnoll hits you but does no damage.
You hit the gnoll.
The gnoll is heavily wounded.
The gnoll closely misses you.
You hit the gnoll.
The gnoll is severely wounded.
The gnoll hits you with a +0 spear.
You die...

# #..#........#..#####.# #
##.#........#........#
######
#)#........#.#.######
.....###.#........#...#
.......g.#........#..##
.........#........#..#
.........#........#..#
.........#######'##.##
......<.........@g..#
........#..####...######
........#.#####........##
..#..#.##...............#
....#.....................
..#..#.##.....).........##
.......########...........
......... ..#.....####.##
.##.##.## #.#.....# .#


You could see a gnoll.

Vanquished Creatures
  3 gnolls (D:2)
  An adder (D:2)
  2 worms (D:2)
  A dart slug (D:2)
  A bat (D:2)
  2 giant cockroaches (D:2)
  A goblin (D:2)
  2 hobgoblins
  A kobold (D:2)
14 creatures vanquished.

Notes
Turn   | Place    | Note
-------+----------+-------------------------------------------
     0 | D:1      | Lanoc the Demonspawn Earth Elementalist began the quest for
                  | the Orb.
     0 | D:1      | Reached XP level 1. HP: 13/13 MP: 3/3
   260 | D:2      | Reached skill level 3 in Earth Magic
   260 | D:2      | Gained mutation: You are partially covered in icy blue
                  | scales. (AC +2) [demonic ancestry]
   260 | D:2      | Reached XP level 2. HP: 19/19 MP: 1/5
   350 | D:2      | Gained mutation: You are immune to rotting. [demonic
                  | ancestry]
   350 | D:2      | Reached XP level 3. HP: 7/24 MP: 0/6
   923 | D:2      | Learned a level 2 spell: Passwall
  1347 | D:2      | Slain by a gnoll

Illustrated notes

Levels and vault maps discovered:
D:1:      dpeg_arrival_pits, layout_basic
D:2:      layout_loops_cross, fedhas_altar_2, minivault_25
D:3:      layout_rooms, cheibrodos_ashenzari_chains, minmay_misc_feat_doors

Skill      XL: |  1 |
---------------+----+-----
Dodging        | 2 |  2.5
Earth Magic    | 3 |  3.8
Stealth        | |  1.7
Spellcasting   | |  2.0
Transmutations | |  0.8

Action                   || total
-------------------------++-------
Melee: Unarmed           ||    81
 Cast: Sandblast         ||    35
 Stab: Sleeping          ||     1
Armor: Robe              ||    20
Dodge: Dodged            ||    52

Table legend: (Time is in decaauts)
 A = Elapsed time spent in this place.
 B = Non-inter-level travel time spent in this place.
 C = Inter-level travel time spent in this place.
 D = Time resting spent in this place.
 E = Time spent auto-exploring this place.
 F = Levels seen in this place.
 G = Mean time per level.
                   A        B        C        D        E       F      G
               +--------+--------+--------+--------+--------+-----+--------+
         Total |   1346 |   1338 |      8 |    305 |    770 |   3 |  448.7 |
       Dungeon |   1346 |   1338 |      8 |    305 |    770 |   3 |  448.7 |
               +--------+--------+--------+--------+--------+-----+--------+

Top non-repeatable levels by time:
     D:2: 1213 daAuts
     D:3: 131 daAuts
     D:1: 2 daAuts
